 Dungeon Crawl Stone Soup version 0.31-a0-986-g5e6e4ef867 (webtiles) character file.

Game seed: 15795606171690420781

60 pokeman the Magician (level 3, -2/20 HPs)
             Began as a Deep Elf Hedge Wizard on Nov 4, 2023.
             Killed by miscasting Mephitic Cloud (8 damage)
             ... on level 1 of the Dungeon.
             The game lasted 00:02:55 (1799 turns).

pokeman the Magician (Deep Elf Hedge Wizard)        Turns: 1799, Time: 00:02:56

Health: -2/20      AC:  3    Str:  7    XL:     3   Next: 82%
Magic:  5/11       EV: 12    Int: 20    God:
Gold:   28         SH:  0    Dex: 14    Spells: 4/12 levels left

rFire   . . .        a - +0 dagger
rCold   + . .        (no shield)
rNeg    . . .        b - +0 robe
rPois   .            j - +0 helmet
rElec   .            (no cloak)
rCorr   .            (no gloves)
SInv    .            (no boots)
Will    .....        (no amulet)
Stlth   ++           e - ring of protection from cold
HPRegen 0.23/turn    (no ring)
MPRegen 0.12/turn

%: no passive effects
@: very slightly contaminated
A: no striking features
a: no special abilities


You were on level 1 of the Dungeon.
You visited 1 branch of the dungeon, and saw 2 of its levels.

You collected 28 gold pieces.

Inventory:

Hand Weapons
 a - a +0 dagger (weapon)
Armour
 b - a +0 robe (worn)
 j - a +0 helmet (worn)
Jewellery
 e - a ring of protection from cold (left hand)
Scrolls
 f - 2 scrolls of fog {unknown}
 h - a scroll of identify {unknown}
Potions
 d - a potion of magic
 g - a potion of berserk rage {unknown}
 i - a potion of lignification {unknown}


   Skills:
 + Level 1.0 Fighting
 + Level 1.0 Armour
 - Level 2.4 Dodging
 - Level 2.4 Stealth
 * Level 5.4 Spellcasting
 + Level 2.0 Conjurations
 - Level 1.1 Summonings
 - Level 1.1 Translocations


You had 4 spell levels left.
You knew the following spells:

 Your Spells              Type           Power      Damage    Failure   Level
a - Magic Dart            Conj           52%        1d5       4%          1
b - Mephitic Cloud        Conj/Pois/Air  8%         N/A       26%         3
c - Call Imp              Summ           18%        N/A       11%         2
d - Blink                 Tloc           18%        N/A       11%         2

Your spell library contained the following spells:

 Spells                   Type           Power      Damage    Failure   Level
 Slow                     Hex            20%        N/A       11%         1
 Cigotuvi's Dreadful Rot  Necr/Pois/Air  10%        N/A       17%         2
 Summon Guardian Golem    Hex/Summ       7%         N/A       26%         3
 Orb of Destruction       Conj           6%         9d6       100%        7
 Spellforged Servitor     Conj/Summ      5%         N/A       100%        7


Dungeon Overview and Level Annotations

Branches:
Dungeon (2/15)

Altars:

Annotations:
D:2 Terence


Message History

Press: ? - help, Shift-Dir - straight line, f - goblin
Aim: a goblin, wielding a +2 dagger of speed (100% to hit)
The magic dart hits the goblin.
The goblin is moderately wounded.
The goblin shouts!
The hobgoblin shouts!
A hobgoblin comes into view.
The goblin hits you but does no damage. The goblin barely misses you.
Casting: Magic Dart (safe; 4% risk of failure)
Confirm with . or Enter, or press ? or * to list all spells.
Aiming: Magic Dart (safe; 4% risk of failure)
Press: ? - help, Shift-Dir - straight line, f/p - goblin
Aim: a goblin, wielding a +2 dagger of speed (moderately wounded, 100% to hit)
The magic dart hits the goblin.
You kill the goblin!
The goblin barely misses you. The quokka bites you.
Unknown command.
The quokka closely misses you. The hobgoblin hits you.
The goblin hits you with a +0 club.
You climb upwards.
There is a stone staircase leading down, spattered with blood here.
Items here: ) [[ †.
Unknown command.
Casting: Magic Dart (safe; 4% risk of failure)
Confirm with . or Enter, or press ? or * to list all spells.
Aiming: Magic Dart (safe; 4% risk of failure)
Press: ? - help, Shift-Dir - straight line, f - hobgoblin
Aim: a hobgoblin (100% to hit)
You miscast Magic Dart.
You are very lightly contaminated with residual magic.
Nothing appears to happen.
The quokka closely misses you. The hobgoblin misses you.
The goblin hits you with a +0 club.
* * * LOW HITPOINT WARNING * * *
The hobgoblin closely misses you.
Casting: Magic Dart (safe; 4% risk of failure)
Confirm with . or Enter, or press ? or * to list all spells.
Aiming: Mephitic Cloud (extremely dangerous; 26% risk of failure)
Press: ? - help, Shift-Dir - straight line, f/p - hobgoblin
Aim: a hobgoblin (chance to affect: 96%)
You miscast Mephitic Cloud.
You are blasted with air!
You die...

#.# #.# #......... ######.# #.#
##......## ##...##.#####.##
#...##.# ##.....#........#
######.# #...............# #.#
#..............)#### #.#
#...............>..###########.#
#................#g..........#.#
#.#...#.........@rg...^...##.#.##
#÷##.##.........#########.##.....
#.##.##..###.#.## #.##...##
..##.##..# #.#.# #.##...#
.....##..# #.#.# #.#....#
#........###.#.# #......#
#..............# ##########....#
#.#####......### #.....# ##...#
#.# ##...#######.###.#####...#


You could see a quokka, a hobgoblin and a goblin.

Vanquished Creatures
  Robin (D:1)
  A worm (D:2)
  4 ball pythons (D:1)
  4 endoplasms (D:1)
  2 giant cockroaches (D:1)
  8 goblins
  5 hobgoblins
  2 quokkas
  7 bats
  3 frilled lizards (D:1)
  2 kobolds
  5 rats
44 creatures vanquished.

Notes
Turn   | Place    | Note
-------+----------+-------------------------------------------
     0 | D:1      | pokeman the Deep Elf Hedge Wizard began the quest for the
                  | Orb.
     0 | D:1      | Reached XP level 1. HP: 10/10 MP: 7/7
   283 | D:1      | Reached XP level 2. HP: 16/16 MP: 4/9
   432 | D:1      | You fall into a shaft and drop 1 floor!
   790 | D:1      | Reached skill level 5 in Spellcasting
  1096 | D:1      | Reached XP level 3. HP: 20/20 MP: 8/11
  1100 | D:1      | Learned a level 3 spell: Mephitic Cloud
  1103 | D:1      | Learned a level 2 spell: Call Imp
  1106 | D:1      | Learned a level 2 spell: Blink
  1357 | D:2      | Noticed Terence
  1537 | D:2      | Noticed Robin
  1705 | D:2      | Reached skill level 1 in Armour
  1733 | D:1      | Killed Robin
  1734 | D:1      | Reached skill level 1 in Fighting
  1799 | D:1      | Killed by miscasting Mephitic Cloud

Illustrated notes

Levels and vault maps discovered:
D:1:      sevenhm_arrival_forest_fort_large_4, layout_loops_ring
D:2:      layout_rooms, serial_shops, shop, fountainhead, uniq_robin,
          uniq_terence

Skill      XL: |  1  2  3 |
---------------+----------+-----
Spellcasting   | 5 |  5.4
Armour         | 1 |  1.0
Fighting       | 1 |  1.0
Conjurations   | 2 |  2.0
Dodging        | |  2.4
Stealth        | |  2.4
Summonings     | |  1.1
Translocations | |  1.1

Action                     || total
---------------------------++-------
  Melee: Dagger            ||    44
   Cast: Magic Dart        ||    89
         Mephitic Cloud    ||     4
   Stab: Confused          ||     2
 Armour: Robe              ||    38
  Dodge: Dodged            ||    48

Table legend: (Time is in decaauts)
 A = Elapsed time spent in this place.
 B = Non-inter-level travel time spent in this place.
 C = Inter-level travel time spent in this place.
 D = Time resting spent in this place.
 E = Time spent auto-exploring this place.
 F = Levels seen in this place.
 G = Mean time per level.
                   A        B        C        D        E       F      G
               +--------+--------+--------+--------+--------+-----+--------+
         Total |   1801 |   1727 |     74 |    262 |   1202 |   2 |  900.5 |
       Dungeon |   1801 |   1727 |     74 |    262 |   1202 |   2 |  900.5 |
               +--------+--------+--------+--------+--------+-----+--------+

Top non-repeatable levels by time:
     D:1: 1695 daAuts
     D:2: 106 daAuts
